 Dungeon Crawl Stone Soup version 0.29-a0-653-gd47aff6735 (webtiles) character file.

Game seed: 4729761478884731478

500 omnomnOMINOUS the Skirmisher (level 7, -4/50 HPs)
             Began as an Octopode Wanderer on June 21, 2022.
             Slain by Edmund
             ... wielding a +4 flail of protection
              (15 damage)
             ... on level 5 of the Dungeon.
             The game lasted 00:09:31 (4568 turns).

omnomnOMINOUS the Skirmisher (Octopode Wanderer)    Turns: 4568, Time: 00:09:32

Health: -4/50      AC:  1    Str: 13    XL:     7   Next: 16%
Magic:  8/10       EV: 14    Int: 12    God:
Gold:   277        SH:  4    Dex: 14    Spells: 1/10 levels left

rFire   . . .      SeeInvis .   a - +4 short sword (freeze)
rCold   . . .      Faith    +   (no shield)
rNeg    . . .      Spirit   .   f - +0 hat
rPois   .          Reflect  .   m - amulet of faith
rElec   .          Harm     .   (no ring)
rCorr   .          Rampage  .   (no ring)
Will    .....                   (no ring)
Stlth   +++.......              (no ring)
HPRegen 0.96/turn               (no ring)
MPRegen 0.12/turn               (no ring)
                                (no ring)
                                (no ring)

@: brilliant, very slightly contaminated
A: almost no armour, amphibious, 8 rings, camouflage 1, gelatinous body 1,
(nimble swimmer 1), tentacles, large bone plates 1, regeneration 1
a: no special abilities


You were on level 5 of the Dungeon.
You visited 1 branch of the dungeon, and saw 5 of its levels.

You collected 277 gold pieces.

Inventory:

Hand Weapons
 a - a +4 short sword of freezing (weapon)
 q - a +0 spear
Missiles
 o - 3 throwing nets (quivered)
Armour
 f - a +0 hat (worn)
Magical Staves
 b - a staff of poison
Jewellery
 m - an amulet of faith (around mantle)
Wands
 s - a wand of flame (10)
Scrolls
 c - 8 scrolls of teleportation
 d - 2 scrolls of vulnerability
 e - a scroll of summoning
 g - a scroll of enchant armour {unknown}
 h - 3 scrolls of poison {unknown}
 k - a scroll of brand weapon {unknown}
 l - 2 scrolls of immolation {unknown}
 n - 3 scrolls of identify {unknown}
 u - a scroll of enchant weapon {unknown}
Potions
 i - 2 potions of haste
 j - a potion of brilliance
 p - a potion of flight
 r - a potion of might {unknown}
 t - a potion of resistance {unknown}
 v - 2 potions of degeneration {unknown}
 w - a potion of berserk rage {unknown}
 x - 2 potions of curing {unknown}
 z - a potion of cancellation {unknown}
 A - a potion of attraction {unknown}


   Skills:
 + Level 5.4 Fighting
 + Level 4.1 Dodging
 - Level 1.3 Stealth
 - Level 2.0 Spellcasting
 + Level 2.8 Conjurations
 + Level 2.8 Fire Magic
 - Level 3.2 Evocations


You had one spell level left.
You knew the following spells:

 Your Spells              Type           Power      Damage    Failure   Level
a - Sticky Flame          Conj/Fire      12%        2d4       63%         4
b - Passwall              Tmut/Erth      0%         N/A       38%         2
c - Swiftness             Air            1%         N/A       63%         3

Your spell library contained the following spells:

 Spells                   Type           Power      Damage    Failure   Level
 Conjure Flame            Conj/Fire      12%        6-21      26%         3
 Ensorcelled Hibernation  Hex/Ice        2%         N/A       38%         2
 Ignite Poison            Fire/Tmut/Pois 5%         N/A       50%         3
 Summon Guardian Golem    Hex/Summ       1%         N/A       63%         3
 Animate Dead             Necr           1%         N/A       95%         4
 Borgnjor's Vile Clutch   Necr/Erth      0%         N/A       100%        5
 Death Channel            Necr           0%         N/A       100%        6
 Orb of Destruction       Conj           6%         9d6       100%        7
 Spellforged Servitor     Conj/Summ      3%         N/A       100%        7


Dungeon Overview and Level Annotations

Branches:
Dungeon (5/15)
 Temple: D:4-7

Altars:
Gozag
Ru
Trog

Annotations:
D:4 1 runed translucent door, exclusions: iguana and ogre, CowFu's ghost, amateur DsFi
D:5 3 runed translucent doors, Edmund; happo123's ghost, novice HOSu


Innate Abilities, Weirdness & Mutations

You cannot wear most types of armour.
You are amphibious.
You can wear up to eight rings at the same time.
Your skin changes colour to match your surroundings (Stealth+).
Your rubbery body absorbs attacks. (AC +1, EV +1)
((You are camouflaged when in or above water. (Stealth+)))
You have tentacles for arms and can constrict up to eight enemies at once.
You are partially covered in large bone plates. (SH +4)
Your natural rate of healing is unusually fast.


Message History

Found an opulent altar of Gozag.
Edmund the Younger comes into view.
He is wielding a +4 flail of protection.
You see here 11 gold pieces.
You now have 277 gold pieces (gained 11).
A bullfrog comes into view.
Edmund shouts!
The bullfrog gives a loud, deep croak!
Edmund hits you with a +4 flail of protection.
The bullfrog moves out of view.
You hit Edmund but do no damage. Your grab misses Edmund. Edmund misses you.
Edmund barely misses you.
You hit Edmund but do no damage. You grab Edmund.
You constrict Edmund, but do no damage.
Edmund says, "People accused me of being a cutpurse!"
Edmund hits you with a +4 flail of protection.
You hit Edmund. You freeze Edmund.
Edmund is lightly wounded.
You constrict Edmund, but do no damage.
Edmund hits you with a +4 flail of protection.
Sorry, you're not good enough to have a special ability.
It was a potion of brilliance.
You feel clever all of a sudden.
You constrict Edmund, but do no damage.
Edmund hits you with a +4 flail of protection!
Casting: Sticky Flame (extremely dangerous; 63% risk of failure)
Confirm with . or Enter, or press ? or * to list all spells.
Okay, then.
Unknown command.
Casting: Sticky Flame (extremely dangerous; 63% risk of failure)
Confirm with . or Enter, or press ? or * to list all spells.
The spell is extremely dangerous to miscast (63% risk of failure)!
Continue anyway?
Aiming: Sticky Flame (extremely dangerous; 63% risk of failure)
Press: ? - help, Shift-Dir - straight line, f - Edmund
Aim: Edmund, wielding a +4 flail of protection and wearing a +0 chain mail (lightly wounded, constricted by you, 100% to hit)
You feel a surge of power!
You miscast Sticky Flame.
You are very lightly contaminated with residual magic.
The air around you crackles with energy!
* * * LOW HITPOINT WARNING * * *
You constrict Edmund.
Edmund hits you with a +4 flail of protection!
You die...

#.# .. #.# .#
######.# .# ##
#......######
. .#
#.##.........
#. #.#
#.##.########
...##.##.#
#.##.#
......@..#
#.##.# #@.#
#.##.# #..#
#.##.# #..#
#.##.# #..#
#.##.# #..#
#.##.#
#..###.#####
#..#..##.8∩#
#.....#$....#
#......+.$.$8#


You could see Edmund.

Vanquished Creatures
  2 scorpions
  2 hounds (D:4)
  Crazy Yiuf (D:2)
  An orc priest (D:4)
  Terence (D:3)
  An iguana (D:4)
  Robin (D:2)
  4 adders
  A gnoll (D:5)
  A white imp (D:3)
  An ufetubus (D:5)
  4 worms
  4 dart slugs
  14 orcs
  3 bats
  8 endoplasms
  6 giant cockroaches
  12 goblins
  13 hobgoblins
  3 quokkas
  9 ball pythons
  7 frilled lizards
  6 kobolds
  5 rats
110 creatures vanquished.

Vanquished Creatures (others)
  8 fungi (D:2)
8 creatures vanquished.

Grand Total: 118 creatures vanquished

Notes
Turn   | Place    | Note
-------+----------+-------------------------------------------
     0 | D:1      | omnomnOMINOUS the Octopode Wanderer began the quest for the
                  | Orb.
     0 | D:1      | omnomnOMINOUS set off with the following items: a +0 club,
                  | 2 throwing nets, a scroll of teleportation, a scroll of
                  | vulnerability, a scroll of summoning, a +0 hat.
     0 | D:1      | Reached XP level 1. HP: 17/17 MP: 1/1
   351 | D:1      | Reached XP level 2. HP: 22/22 MP: 2/2
   410 | D:1      | Reached skill level 1 in Spellcasting
   884 | D:1      | Reached XP level 3. HP: 27/27 MP: 4/4
  1392 | D:2      | Reached XP level 4. HP: 31/34 MP: 5/7
  1445 | D:2      | Noticed Robin
  1613 | D:2      | Found a runed translucent door.
  1619 | D:2      | Learned a level 4 spell: Sticky Flame
  1619 | D:2      | Noticed Crazy Yiuf
  2103 | D:2      | Killed Robin
  2603 | D:2      | Gained mutation: Your natural rate of healing is unusually
                  | fast. [potion of mutation]
  2603 | D:2      | Gained mutation: You are partially covered in large bone
                  | plates. (SH +4) [potion of mutation]
  2614 | D:2      | HP: 1/34 [poisoned by Crazy Yiuf]
  2673 | D:2      | Killed Crazy Yiuf
  2674 | D:2      | Reached skill level 1 in Conjurations
  2674 | D:2      | Reached skill level 1 in Fire Magic
  2674 | D:2      | Reached XP level 5. HP: 38/38 MP: 8/8
  2850 | D:3      | Found a sacrificial altar of Ru.
  2854 | D:3      | Found a bloodstained altar of Trog.
  3041 | D:3      | Noticed Terence
  3046 | D:3      | Killed Terence
  3603 | D:4      | Reached skill level 5 in Fighting
  3603 | D:4      | Reached XP level 6. HP: 38/45 MP: 9/9
  3608 | D:4      | Noticed CowFu's ghost (amateur DsFi)
  3610 | D:4      | Found a runed translucent door.
  4365 | D:4      | Learned a level 2 spell: Passwall
  4369 | D:4      | Learned a level 3 spell: Swiftness
  4387 | D:5      | Entered Level 5 of the Dungeon
  4491 | D:5      | Reached XP level 7. HP: 50/50 MP: 10/10
  4548 | D:5      | Found a runed translucent gate.
  4549 | D:5      | Found a runed translucent gate.
  4550 | D:5      | Found a runed translucent gate.
  4551 | D:5      | Found an opulent altar of Gozag.
  4552 | D:5      | Noticed a yak
  4553 | D:5      | Noticed happo123's ghost (novice HOSu)
  4556 | D:5      | Noticed Edmund
  4568 | D:5      | Slain by Edmund

Illustrated notes

Levels and vault maps discovered:
D:1:      dpeg_arrival_stonehenge_8_columns, layout_basic
D:2:      minmay_inner_zag, layout_rooms, minmay_misc_feat_plants,
          moated_statue, minmay_statues_item, minmay_misc_feat_roman, hex_large,
          uniq_robin, uniq_crazy_yiuf_cottage
D:3:      layout_basic, mainiacjoe_overflow_catwalk_spiral, kennysheep_nub,
          minmay_fractal_squares_gapless_5, uniq_terence
D:4:      layout_basic, hellmonk_ghost_happy_afterlife
D:5:      minmay_spotlight, layout_loops_ring, minmay_temple_entry_proselytizer,
          serial_shops, nicolae_shop_hallway_stairs, ebering_ghost_gozag,
          nicolae_figureground_pulse, uniq_edmund

Skill      XL: |  1  2  3  4  5  6 |
---------------+-------------------+-----
Spellcasting   | 1 2 |  2.0
Dodging        | 3 4 |  4.1
Conjurations   | 1 2 |  2.8
Fire Magic     | 1 2 |  2.8
Fighting       | 5 |  5.4
Stealth        | |  1.3
Evocations     | |  3.2

Action                   |  1- 3 |  4- 6 |  7- 9 || total
-------------------------+-------+-------+-------++-------
Melee: Club              |     9 |       |       ||     9
       Whip              |    48 |       |       ||    48
       Constrict         |    18 |    47 |     2 ||    67
       Tentacles         |    16 |    29 |     1 ||    46
       Spear             |     3 |    52 |       ||    55
       Short sword       |       |   105 |     6 ||   111
       Punch             |       |     1 |       ||     1
Throw: Throwing net      |       |     1 |       ||     1
Evoke: Wand              |       |     2 |       ||     2
  Use: Potion            |       |     3 |     1 ||     4
 Stab: Sleeping          |     4 |    12 |     1 ||    17
       Distracted        |       |     1 |       ||     1
Armor: Skin              |     1 |     6 |       ||     7
Dodge: Dodged            |    39 |    63 |     3 ||   105
Block: Other             |       |     9 |       ||     9

Table legend: (Time is in decaauts)
 A = Elapsed time spent in this place.
 B = Non-inter-level travel time spent in this place.
 C = Inter-level travel time spent in this place.
 D = Time resting spent in this place.
 E = Time spent auto-exploring this place.
 F = Levels seen in this place.
 G = Mean time per level.
                   A        B        C        D        E       F      G
               +--------+--------+--------+--------+--------+-----+--------+
         Total |   4572 |   4476 |     96 |    762 |   2828 |   5 |  914.4 |
       Dungeon |   4572 |   4476 |     96 |    762 |   2828 |   5 |  914.4 |
               +--------+--------+--------+--------+--------+-----+--------+

Top non-repeatable levels by time:
     D:1: 1365 daAuts
     D:2: 1318 daAuts
     D:3: 912 daAuts
     D:4: 794 daAuts
     D:5: 181 daAuts
